 Dungeon Crawl Stone Soup version 0.30-a0-715-gdb4ae3ece1 (webtiles) character file.

Game seed: 12083245028337008024

23 kae the Insei (level 2, -2/21 HPs)
             Began as a Demonspawn Transmuter on Jan 24, 2023.
             Slain by a quokka (3 damage)
             ... on level 1 of the Dungeon.
             The game lasted 00:00:35 (532 turns).

kae the Insei (Demonspawn Transmuter)                Turns: 532, Time: 00:00:35

Health: -2/21      AC:  2    Str: 10    XL:     2   Next: 72%
Magic:  4/5        EV: 12    Int: 14    God:
Gold:   17         SH:  0    Dex: 13    Spells: 4/5 levels left

rFire   . . .      SeeInvis .      - Unarmed
rCold   . . .      Faith    .    (no shield)
rNeg    . . .      Spirit   .    a - +0 robe
rPois   .          Reflect  .    (helmet currently unavailable)
rElec   .          Harm     .    (no cloak)
rCorr   .          Rampage  .    (no gloves)
Will    .....                    (boots currently unavailable)
Stlth   +                        (no amulet)
HPRegen 0.23/turn                (no ring)
MPRegen 0.09/turn                (no ring)

@: appendages (expiring)
A: horns 2, talons 2, demonic magic 1
a: End Transformation


You were on level 1 of the Dungeon.
You had temporarily grown beastly horns and talons.
You visited 1 branch of the dungeon, and saw 1 of its levels.

You collected 17 gold pieces.


Innate Abilities, Weirdness & Mutations

You have temporarily grown beastly horns and talons.
Spells you cast may paralyse adjacent enemies.


   Skills:
 - Level 1.0 Fighting
 - Level 1.7 Dodging
 + Level 2.9 Unarmed Combat
 + Level 2.3 Spellcasting
 * Level 2.4 Transmutations


You had 4 spell levels left.
You knew the following spells:

 Your Spells              Type           Power      Damage    Failure   Level
a - Beastly Appendage     Tmut           16%        N/A       9%          1

Your spell library contained the following spells:

 Spells                   Type           Power      Damage    Failure   Level
 Wereblood                Tmut           8%         N/A       13%         2
 Spider Form              Tmut/Pois      5%         N/A       38%         3
 Ice Form                 Ice/Tmut       5%         N/A       80%         4

Inventory:

Missiles
 d - 27 stones
Armour
 a - a +0 robe (worn)
Scrolls
 c - a scroll of teleportation {unknown}
 g - 2 scrolls of identify {unknown}
Potions
 b - 2 potions of lignification {!q}
 e - a potion of flight {unknown}
 f - a potion of curing {unknown}
 h - a potion of mutation {unknown}

Dungeon Overview and Level Annotations

Branches:
Dungeon (1/15) Zot: 5469

Altars:

#..........#
#..........#
#..........##
#............
#...........#
#..........#
#...†r.....#.###
#....@.>...+....
#..........#.#.#
####..........#.#.#
#
#......###+####.#.#
### +......# #.#.#
##.. #......+
###.#.####.##
#......#
#......##.##
#......#
#.#.#..##.#
#......#
#.#.#..##)###


You could see a quokka.


Message History

You barely miss the rat.
Your transformation is almost over.
The rat barely misses you.
You hit the rat.
You kill the rat!
You hit the endoplasm. The endoplasm misses you.
You hit the endoplasm.
You kill the endoplasm!
d - 27 stones (gained 3)
Things that are here:
a +4 short sword of holy wrath; a kobold corpse Your horns disappear.
Your talons disappear.
g - 2 scrolls labelled GUOPUD DUNKIT (gained 1)
A quokka comes into view. 😎 MP[+1]
Your mp is fully restored (5).
A quokka is nearby!
A quokka is nearby!
A quokka is nearby!
Casting: Beastly Appendage (safe; 9% risk of failure)
Confirm with . or Enter, or press ? or * to list all spells.
You grow a pair of large bovine horns.
Your feet morph into talons.
Malevolent energies surge around you.
The quokka suddenly stops moving!
The helpless quokka fails to defend itself.
You hit the quokka but do no damage. You claw the quokka.
The helpless quokka fails to defend itself.
You hit the quokka.
You kill the quokka! 😎 MP[-1]
You lost 1 mp, and now have 4/5 mp.
A rat comes into view.
Found a stone staircase leading down.
You see here a potion of lignification {!q}.
A rat is nearby!
Unknown command.
A rat is nearby!
A rat is nearby!
Casting: Beastly Appendage (safe; 9% risk of failure)
Confirm with . or Enter, or press ? or * to list all spells.
You extend your transformation's duration.
Malevolent energies surge around you.
The rat bites you but does no damage. 😎 MP[-1]
You lost 1 mp, and now have 3/5 mp.
You closely miss the rat. The rat barely misses you.
You hit the rat.
You kill the rat! 😎 MP[+1]
b - 2 potions of lignification {!q} (gained 1)
A quokka comes into view.
A hobgoblin comes into view.
The hobgoblin shouts!
There are monsters nearby!
There are monsters nearby!
Unknown command.
There are monsters nearby!
Casting: Beastly Appendage (safe; 9% risk of failure)
Confirm with . or Enter, or press ? or * to list all spells.
You extend your transformation's duration.
Malevolent energies surge around you. The quokka bites you.
The quokka closely misses you. 😕 HP[-3] MP[-1]
You take 3 damage, and now have 18/21 hp.
You lost 1 mp, and now have 3/5 mp.
You barely miss the quokka. The quokka bites you.
You hit the hobgoblin. You claw the hobgoblin. The quokka bites you.
The hobgoblin hits you.
* * * LOW HITPOINT WARNING * * *
😨 HP[-8]
You take 8 damage, and now have 10/21 hp.
MASSIVE DAMAGE!! (PAUSE)
You hit the hobgoblin.
You kill the hobgoblin!
The quokka closely misses you.
Unknown command.
You hit the quokka.
The quokka closely misses you. 😮 HP[+1] MP[+1]
You barely miss the quokka. Your headbutt misses the quokka.
The quokka misses you.
You barely miss the quokka.
Your transformation is almost over.
The quokka bites you but does no damage.
The quokka bites you.
* * * LOW HITPOINT WARNING * * *
😨 HP[-5]
You take 5 damage, and now have 6/21 hp.
MASSIVE DAMAGE!! (PAUSE)
You hit the quokka. Your kick misses the quokka. The quokka bites you.
* * * LOW HITPOINT WARNING * * *
😱 HP[-2]
You take 2 damage, and now have 4/21 hp.
You hit the quokka. Your kick misses the quokka.
The quokka closely misses you. 😱 HP[+1]
You hit the quokka. Your kick misses the quokka. The quokka bites you.
* * * LOW HITPOINT WARNING * * *
😱 HP[-4]
You take 4 damage, and now have 1/21 hp.
You hit the quokka but do no damage. Your headbutt misses the quokka.
The quokka bites you.
You die...

Skill      XL: |  1 |
---------------+----+-----
Transmutations | 2 |  2.4
Fighting       | |  1.0
Dodging        | |  1.7
Unarmed Combat | |  2.9
Spellcasting   | |  2.3

Action                     || total
---------------------------++-------
  Melee: Unarmed           ||    51
         Kick              ||    10
         Headbutt          ||     4
   Cast: Beastly Appendage ||    11
   Stab: Paralysed         ||     3
 Armour: Robe              ||    12
  Dodge: Dodged            ||    35

Levels and vault maps discovered:
D:1:      dpeg_arrival_morbid_curiosity, layout_basic, serial_shops, shop,
          shapermc_ecumenical_altar_totnotflames, minmay_misc_feat_doors,
          kennysheep_crisscross

Notes
Turn   | Place    | Note
-------+----------+-------------------------------------------
     0 | D:1      | kae the Demonspawn Transmuter began the quest for the Orb.
     0 | D:1      | Reached XP level 1. HP: 15/15 MP: 3/3
     0 | D:1      | magus.rc [v1.11.3]
    42 | D:1      | Reached skill level 2 in Transmutations
   158 | D:1      | Gained mutation: Spells you cast may paralyse adjacent
                  | enemies. [demonic ancestry]
   158 | D:1      | Reached XP level 2. HP: 17/21 MP: 3/5
   182 | D:1      | Found a faded altar of an unknown god.
   529 | D:1      | HP: 4/21 [quokka (2)]
   531 | D:1      | HP: 1/21 [quokka (4)]
   532 | D:1      | Slain by a quokka

Vanquished Creatures
  3 bats (D:1)
  3 endoplasms (D:1)
  A giant cockroach (D:1)
  2 goblins (D:1)
  4 hobgoblins (D:1)
  2 kobolds (D:1)
  A quokka (D:1)
  A ball python (D:1)
  2 rats (D:1)
19 creatures vanquished.

Table legend:
 A = Non-vault XP
 B = Vault XP
 C = Vault XP percentage of total XP
 D = Non-vault monster count
 E = Vault monster count
 F = Vault count percentage of total count
                 A         B        C        D         E       F
            +---------+---------+-------+---------+---------+-------
      Total |      23 |      10 |  30.3 |      14 |       5 |  26.3
            +---------+---------+-------+---------+---------+-------
        D:1 |      23 |      10 |  30.3 |      14 |       5 |  26.3
            +---------+---------+-------+---------+---------+-------

Illustrated notes

Table legend:
 A = Kills in this place as a percentage of kills in entire the game.
 B = Kills by you in this place as a percentage of kills by you in the entire game.
 C = Kills by friends in this place as a percentage of kills by friends in the entire game.
 D = Other kills in this place as a percentage of other kills in the entire game.
 E = Experience gained in this place as a percentage of experience gained in the entire game.
 F = Experience gained in this place divided by the number of levels of this place that you have seen.
                   A       B       C       D       E      F
               +-------+-------+-------+-------+-------+----------------------
         Total | 100.0 | 100.0 |   N/A |   N/A | 100.0 |  33.0
       Dungeon | 100.0 | 100.0 |   N/A |   N/A | 100.0 |  33.0
               +-------+-------+-------+-------+-------+----------------------

Table legend: (Time is in decaauts)
 A = Elapsed time spent in this place.
 B = Non-inter-level travel time spent in this place.
 C = Inter-level travel time spent in this place.
 D = Time resting spent in this place.
 E = Time spent auto-exploring this place.
 F = Levels seen in this place.
 G = Mean time per level.
                   A        B        C        D        E       F      G
               +--------+--------+--------+--------+--------+-----+--------+
         Total |    529 |    529 |      0 |      0 |    399 |   1 |  529.0 |
       Dungeon |    529 |    529 |      0 |      0 |    399 |   1 |  529.0 |
               +--------+--------+--------+--------+--------+-----+--------+

Top non-repeatable levels by time:
     D:1: 529 daAuts
